 Dungeon Crawl Stone Soup version 0.31.0 (webtiles) character file.

Game seed: 6143490816890267385

959 qw the Skirmisher (level 8, 0/49 HPs)
             Began as a Gargoyle Hunter on Jan 19, 2024.
             Slain by a steam dragon (5 damage)
             ... on level 5 of the Dungeon.
             The game lasted 00:00:21 (4702 turns).

qw the Skirmisher (Gargoyle Hunter)                 Turns: 4702, Time: 00:00:22

Health: 0/49       AC: 10    Str: 20    XL:     8   Next: 14%
Magic:  8/8        EV: 11    Int: 11    God:
Gold:   309        SH:  0    Dex: 15    Spells: 7/7 levels left

rFire   . . .        a - +2 shortbow
rCold   . . .        (shield currently unavailable)
rNeg    + . .        n - +0 ring mail
rPois   inf          (no helmet)
rElec   +            (no cloak)
rCorr   .            (no gloves)
SInv    .            (no boots)
Will    .....        i - amulet of faith
Stlth   +            m - +6 ring of strength
HPRegen 0.28/turn    (no ring)
MPRegen 0.11/turn

%: faith
@: about to teleport
A: sickness immunity, AC +5, negative energy resistance 1, electricity
resistance, torment resistance 1, petrification resistance
a: no special abilities


You were on level 5 of the Dungeon.
You visited 1 branch of the dungeon, and saw 5 of its levels.
You also visited: Sewer.

You collected 309 gold pieces.


Innate Abilities, Weirdness & Mutations

You are immune to sickness and miasma.
Your stone body is resilient. (AC +5)
You are immune to poison.
You resist negative energy. (rN+)
You are resistant to electric shocks. (rElec)
You are resistant to unholy torment.
You are immune to petrification.


   Skills:
 - Level 5.0 Fighting
 + Level 8.8 Ranged Weapons
 - Level 1.1 Armour
 - Level 2.0 Dodging
 - Level 1.1 Stealth


You had 7 spell levels left.
You didn't know any spells.
Your spell library was empty.

Inventory:

Hand Weapons
 a - a +2 shortbow (weapon)
Armour
 n - a +0 ring mail (worn)
Jewellery
 d - an amulet of reflection
 e - a ring of ice
 i - an amulet of faith (around neck)
 m - a +6 ring of strength (left hand)
Scrolls
 h - a scroll of vulnerability {unknown}
 k - 2 scrolls of teleportation
 p - 2 scrolls of identify
Potions
 b - a potion of cancellation
 c - a potion of haste {unknown}
 f - a potion of mutation
 g - a potion of resistance
 j - a potion of enlightenment {unknown}
 l - 4 potions of curing
 o - a potion of ambrosia {unknown}
 q - 2 potions of brilliance {unknown}

Dungeon Overview and Level Annotations

Branches:
Dungeon (5/15)              Sewer (visited)
 Temple: D:4-7

Altars:

Shops:
D:1 !


Message History

You shoot an arrow. The arrow hits the steam dragon.
The steam dragon is lightly wounded.
You shoot an arrow.
The arrow barely misses the steam dragon.
The steam dragon barely misses you. The steam dragon misses you.
You shoot an arrow.
The arrow barely misses the steam dragon.
The steam dragon breathes steam at you. The ball of steam hits you!
You shoot an arrow. The arrow hits the steam dragon.
The steam dragon is moderately wounded.
You are engulfed in a cloud of scalding steam.
The steam dragon barely misses you.
The steam dragon claws you but does no damage.
You shoot an arrow.
The arrow closely misses the steam dragon.
You are engulfed in a cloud of scalding steam.
The steam dragon barely misses you. The steam dragon misses you.
You shoot an arrow.
The arrow hits the steam dragon but does no damage.
The steam dragon is moderately wounded.
You are engulfed in a cloud of scalding steam.
The steam dragon closely misses you. The steam dragon claws you.
You shoot an arrow.
The arrow barely misses the steam dragon.
You are engulfed in a cloud of scalding steam.
The steam dragon barely misses you. x2
You shoot an arrow. The arrow hits the steam dragon.
The steam dragon is moderately wounded.
You are engulfed in a cloud of scalding steam.
The steam dragon bites you. The steam dragon closely misses you.
4701 ||| READING 3 scrolls of teleportation.
As you read the scroll of teleportation, it crumbles to dust.
You feel strangely unstable. The steam dragon bites you.
The steam dragon claws you but does no damage.
You shoot an arrow. The arrow hits the steam dragon!
The steam dragon is severely wounded.
The steam dragon bites you.
You die...

..# #.# ##. #.#####.
####.. ### #......# ..
..... #.# #...#..# .#
.... #.## .......# ..#
#.. ###..# .......# ..#
#.# #..### .......####.#
##D# #..# ....###.##..#
#.@# #..#
#..####.....###.## #..#
...###..........# ##..##
.......#...#....####....#
....####...####..#....###
#...# #...# ##.....##
....####..## ##....##
......#...# ##..#..##
##........# ##..###..#


You could see a steam dragon.

Vanquished Creatures
  Sigmund (D:2)
  A kobold brigand (D:4)
  2 bullfrogs (Sewer)
  A howler monkey (D:5)
  2 bombardier beetles (D:5)
  3 hounds
  An orc priest (D:3)
  A jelly (D:5)
  An iguana (D:5)
  An orc wizard (D:3)
  3 gnolls (D:3)
  9 adders
  9 dart slugs
  4 ribbon worms
  3 orcs
  17 ball pythons
  9 bats
  8 endoplasms
  21 giant cockroaches
  10 goblins
  2 hobgoblins (D:2)
  3 jackals (D:2)
  A quokka (D:1)
  18 frilled lizards
  11 kobolds
  4 rats
146 creatures vanquished.

Notes
Turn   | Place    | Note
-------+----------+-------------------------------------------
     0 | D:1      | qw the Gargoyle Hunter began the quest for the Orb.
     0 | D:1      | Reached XP level 1. HP: 12/12 MP: 1/1
     0 | D:1      | 0 ||| qw: Version: 0.3-a-132-g3d54051
     0 | D:1      | 0 ||| qw: Game counter: 198
     0 | D:1      | 0 ||| qw: Melee chars always use a shield: true
     0 | D:1      | 0 ||| qw: God list: Okawaru
     0 | D:1      | 0 ||| qw: Allow faded altars: false
     0 | D:1      | 0 ||| qw: Do Orc after clearing Dungeon:15 true
     0 | D:1      | 0 ||| qw: Do second Lair branch before Depths: true
     0 | D:1      | 0 ||| qw: Lair rune preference: random
     0 | D:1      | 0 ||| qw: Goals: Normal
     0 | D:1      | 0 ||| PLANNING D:1-11
    32 | D:1      | Found Zoag's Distillery.
    58 | D:1      | 58 ||| SHOPLISTING potion of curing (30 gold, have 10).
    58 | D:1      | 58 ||| SHOPLISTING potion of haste (100 gold, have 10).
    58 | D:1      | 58 ||| SHOPLISTING potion of heal wounds (50 gold, have
                  | 10).
    58 | D:1      | 58 ||| SHOPLISTING potion of mutation (80 gold, have 10).
   111 | D:1      | Reached XP level 2. HP: 17/17 MP: 2/2
   710 | D:1      | 710 ||| UPGRADING to amulet of reflection.
   715 | D:1      | 715 ||| UPGRADING to amulet of faith.
   725 | D:1      | 725 ||| READING scroll labelled PUAMAU YKLIOGE.
   728 | D:1      | 728 ||| READING scroll labelled UFAJYA YSOTOI.
   729 | D:1      | 729 ||| DROPPING scroll of butterflies.
   786 | D:2      | Reached XP level 3. HP: 21/21 MP: 3/3
   801 | D:2      | Noticed Sigmund
   807 | D:2      | Killed Sigmund
   808 | D:2      | Reached skill level 6 in Ranged Weapons
   808 | D:2      | Reached XP level 4. HP: 26/26 MP: 4/4
   808 | D:2      | Reached XP level 5. HP: 30/30 MP: 5/5
   854 | D:2      | Found a faded altar of an unknown god.
   934 | D:2      | Reached XP level 6. HP: 33/36 MP: 6/6
  1086 | D:2      | Reached skill level 3 in Fighting
  1399 | D:2      | 1399 ||| UPGRADING to +6 ring of strength.
  1400 | D:2      | 1400 ||| READING scroll labelled ATRES USKAM.
  1401 | D:2      | 1401 ||| DRINKING 2 fizzy red potions.
  1418 | D:2      | 1418 ||| DROPPING potion of lignification.
  1446 | D:3      | 1446 ||| PLANNING SEWER
  1530 | D:3      | Found a glowing drain.
  1531 | D:3      | 1531 ||| READING scroll labelled REODILL WEORO.
  1571 | D:3      | 1571 ||| FLEEEEING.
  1572 | D:3      | 1572 ||| FLEEEEING.
  1573 | D:3      | 1573 ||| FLEEEEING.
  1574 | D:3      | 1574 ||| FLEEEEING.
  1576 | D:3      | 1576 ||| FLEEEEING.
  1577 | D:3      | 1577 ||| FLEEEEING.
  1578 | D:3      | 1578 ||| FLEEEEING.
  1579 | D:3      | 1579 ||| FLEEEEING.
  1590 | D:3      | 1590 ||| FLEEEEING.
  1657 | Sewer    | Entered a sewer
  1699 | Sewer    | Reached skill level 7 in Ranged Weapons
  1983 | Sewer    | Reached XP level 7. HP: 16/43 MP: 7/7
  2099 | Sewer    | 2099 ||| READING scroll labelled KOAMUO SUEVIEPH.
  2100 | Sewer    | 2100 ||| READING scroll labelled KUYL TAURIST.
  2100 | Sewer    | 2100 ||| ENCHANTING +0 shortbow.
  2114 | D:3      | 2114 ||| PLANNING D:1-11
  2198 | D:3      | Reached skill level 8 in Ranged Weapons
  2207 | D:3      | 2207 ||| FLEEEEING.
  2582 | D:3      | 2582 ||| READING scroll of enchant weapon.
  2582 | D:3      | 2582 ||| ENCHANTING +1 shortbow.
  2898 | D:3      | 2898 ||| DROPPING ring of magical power.
  2899 | D:3      | 2899 ||| READING 3 scrolls labelled ZOGESIEKLI.
  2899 | D:3      | 2899 ||| IDENTIFYING white potion
  2900 | D:3      | 2900 ||| READING 2 scrolls of identify.
  2900 | D:3      | 2900 ||| IDENTIFYING smoky white potion
  2901 | D:3      | 2901 ||| READING scroll of identify.
  2901 | D:3      | 2901 ||| IDENTIFYING green potion
  2902 | D:3      | 2902 ||| DROPPING potion of degeneration.
  2947 | D:4      | 2947 ||| STAIRDANCE
  3221 | D:4      | 3221 ||| FLEEEEING.
  3222 | D:4      | 3222 ||| FLEEEEING.
  3223 | D:4      | 3223 ||| FLEEEEING.
  3229 | D:4      | 3229 ||| FLEEEEING.
  3230 | D:4      | 3230 ||| FLEEEEING.
  3232 | D:4      | 3232 ||| FLEEEEING.
  3233 | D:4      | 3233 ||| FLEEEEING.
  3234 | D:4      | 3234 ||| FLEEEEING.
  3236 | D:4      | 3236 ||| FLEEEEING.
  3237 | D:4      | 3237 ||| FLEEEEING.
  3238 | D:4      | 3238 ||| FLEEEEING.
  3239 | D:4      | 3239 ||| FLEEEEING.
  3240 | D:4      | 3240 ||| FLEEEEING.
  3241 | D:4      | 3241 ||| FLEEEEING.
  3242 | D:4      | 3242 ||| FLEEEEING.
  3243 | D:4      | 3243 ||| FLEEEEING.
  3246 | D:4      | 3246 ||| FLEEEEING.
  3247 | D:4      | 3247 ||| FLEEEEING.
  3248 | D:4      | 3248 ||| FLEEEEING.
  3249 | D:4      | 3249 ||| FLEEEEING.
  3250 | D:4      | 3250 ||| FLEEEEING.
  3251 | D:4      | 3251 ||| FLEEEEING.
  3252 | D:4      | 3252 ||| FLEEEEING.
  3253 | D:4      | 3253 ||| FLEEEEING.
  3254 | D:4      | 3254 ||| FLEEEEING.
  3255 | D:4      | 3255 ||| FLEEEEING.
  3256 | D:4      | 3256 ||| FLEEEEING.
  3257 | D:4      | 3257 ||| FLEEEEING.
  3258 | D:4      | 3258 ||| FLEEEEING.
  3260 | D:4      | 3260 ||| FLEEEEING.
  3261 | D:4      | 3261 ||| FLEEEEING.
  3262 | D:4      | 3262 ||| FLEEEEING.
  3264 | D:4      | 3264 ||| FLEEEEING.
  3265 | D:4      | 3265 ||| FLEEEEING.
  3266 | D:4      | 3266 ||| FLEEEEING.
  3267 | D:4      | 3267 ||| STAIRDANCE
  3306 | D:3      | 3306 ||| DRINKING 2 viscous green potions.
  3307 | D:3      | 3307 ||| DROPPING potion of attraction.
  3482 | D:4      | Reached skill level 1 in Armour
  3840 | D:4      | 3840 ||| UPGRADING to +0 ring mail.
  3850 | D:4      | 3850 ||| DROPPING +0 leather armour.
  3851 | D:4      | 3851 ||| READING scroll of identify.
  3851 | D:4      | 3851 ||| IDENTIFYING metallic golden potion
  3852 | D:4      | 3852 ||| DRINKING 2 puce potions.
  3889 | D:5      | Entered Level 5 of the Dungeon
  3906 | D:5      | Reached XP level 8. HP: 46/49 MP: 8/8
  3907 | D:5      | 3907 ||| FLEEEEING.
  3910 | D:5      | 3910 ||| STAIRDANCE
  4700 | D:5      | HP: 11/49 [steam dragon] (6)]
  4701 | D:5      | 4701 ||| READING 3 scrolls of teleportation.
  4701 | D:5      | HP: 4/49 [steam dragon (6)]
  4702 | D:5      | Slain by a steam dragon

Levels and vault maps discovered:
D:1:      dpeg_arrival_tiny_d, layout_basic, serial_shops, nicolae_diamond_shop
D:2:      layout_basic, hellmonk_ecumenical_altar_dog_temple,
          serial_bayou_pond_b, minivault_25, minmay_ruptured, uniq_sigmund
D:3:      layout_loops_corners, cheibrodos_sewer_entry_drain
D:4:      minmay_door_path, layout_loops_ring, minmay_liquid_box,
          lexackson_kobold_supper
D:5:      layout_layer_cave, kennysheep_cross_bottleneck

Skill      XL: |  1  2  3  4  5  6  7 |
---------------+----------------------+-----
Ranged Weapons | 6 7 8 |  8.8
Fighting       | 4 5 |  5.0
Dodging        | 2 |  2.0
Armour         | 1 |  1.1
Stealth        | |  1.1

Action                     |  1- 3 |  4- 6 |  7- 9 || total
---------------------------+-------+-------+-------++-------
   Fire: Shortbow          |    80 |   281 |   146 ||   507
    Use: Scroll            |     2 |     2 |     8 ||    12
         Potion            |       |     1 |     2 ||     3
 Armour: Leather armour    |    23 |    90 |    38 ||   151
         Ring mail         |       |       |    12 ||    12
  Dodge: Dodged            |    22 |    92 |    42 ||   156

Table legend:
 A = Non-vault XP
 B = Vault XP
 C = Vault XP percentage of total XP
 D = Non-vault monster count
 E = Vault monster count
 F = Vault count percentage of total count
                 A         B        C        D         E       F
            +---------+---------+-------+---------+---------+-------
      Total |     624 |     747 |  54.5 |      62 |      84 |  57.5
            +---------+---------+-------+---------+---------+-------
        D:1 |      31 |       0 |   0.0 |      17 |       0 |   0.0
        D:2 |      49 |     291 |  85.6 |      13 |      16 |  55.2
        D:3 |     158 |       4 |   2.5 |      17 |       3 |  15.0
        D:4 |     113 |     125 |  52.5 |       8 |      13 |  61.9
        D:5 |     273 |       0 |   0.0 |       7 |       0 |   0.0
      Sewer |       0 |     327 | 100.0 |       0 |      52 | 100.0
            +---------+---------+-------+---------+---------+-------
